 Seeded DCSS version 0.30.1-5-ged363bc7ee (webtiles) character file.

Game seed: 15660985446129201502 (custom seed)

2111 AccursedSamuel the Cleaver (level 9, -2/55 HPs)
             Began as a Tengu Monk on Sept 19, 2023.
             Shot with an arrow by a centaur (5 damage)
             ... on level 6 of the Dungeon.
             The game lasted 00:14:11 (5550 turns).

AccursedSamuel the Cleaver (Tengu Monk)             Turns: 5550, Time: 00:14:12

Health: -2/55      AC: 18    Str: 15    XL:     9   Next: 28%
Magic:  10/10      EV: 11    Int: 10    God:
Gold:   419        SH:  0    Dex: 18    Spells: 8/8 levels left

rFire   . . .        e - +5 broad axe (flame)
rCold   + + .        d - orb {light}
rNeg    . . .        y - +2 chain mail {rC+}
rPois   .            (helmet restricted)
rElec   .            r - +2 cloak
rCorr   .            (no gloves)
SInv    .            (boots unavailable)
Will    .....        (no amulet) Stlth
                     q - +4 ring of protection
HPRegen 0.29/turn    b - ring of protection from cold
MPRegen 0.12/turn

%: no passive effects
@: flying quickly and evasively, glowing, quick
A: beak, talons 3, nimble flight
a: no special abilities


You were on level 6 of the Dungeon.
You visited 1 branch of the dungeon, and saw 6 of its levels.

You collected 419 gold pieces.

Inventory:

Hand Weapons
 a - a +0 hand axe
 e - a +5 broad axe of flaming (weapon)
 s - a +3 quarterstaff of chaos
Armour
 d - an orb of light (worn)
 r - a +2 cloak (worn)
 y - a +2 chain mail of cold resistance (worn)
Jewellery
 b - a ring of protection from cold (right hand)
 q - a +4 ring of protection (left hand)
Wands
 u - a wand of iceblast (1)
Scrolls
 f - 7 scrolls of teleportation {unknown}
 h - 2 scrolls of enchant armour {unknown}
 i - a scroll of noise {unknown}
 k - a scroll of immolation {unknown}
 o - 4 scrolls of identify {unknown}
 t - a scroll of fog {unknown}
 v - 2 scrolls of blinking {unknown}
 w - a scroll of torment {unknown}
Potions
 c - a potion of ambrosia
 g - a potion of curing {unknown}
 j - 2 potions of degeneration {unknown}
 l - 2 potions of attraction {unknown}
 m - 2 potions of magic {unknown}
 n - a potion of heal wounds {unknown}
 p - 3 potions of flight {unknown}
 x - 2 potions of haste {unknown}
 z - 2 potions of lignification {unknown}
 A - a potion of brilliance {unknown}


   Skills:
 + Level 5.6 Fighting
 + Level 10.7 Axes
 + Level 2.8 Armour
 + Level 5.8 Dodging
 + Level 2.1 Stealth


You had 8 spell levels left.
You didn't know any spells.
Your spell library contained the following spells:

 Spells                   Type           Power      Damage    Failure   Level
 Cigotuvi's Dreadful Rot  Necr/Pois/Air  0%         N/A       100%        2
 Lesser Beckoning         Tloc           0%         N/A       100%        2
 Gell's Gravitas          Tloc           0%         N/A       100%        3
 Ignite Poison            Fire/Tmut/Pois 0%         N/A       100%        3
 Teleport Other           Tloc           0%         N/A       100%        3
 Dispel Undead            Necr           0%         3d6       100%        4
 Sticky Flame             Conj/Fire      0%         2d3       100%        4
 Death Channel            Necr           0%         N/A       100%        6
 Ignition                 Fire           0%         3d3       100%        8


Dungeon Overview and Level Annotations

Branches:
Dungeon (6/15)
 Temple: D:4-7

Altars:
Elyvilon
Ru
Wu Jian

Annotations:
D:6 3 runed translucent doors, rddays123's ghost, novice FeSu


Innate Abilities, Weirdness & Mutations

You have a beak for a mouth.
You have claws for feet.
Your magical nature lets you fly swiftly and evasively.


Message History

You hit the wight. You burn the wight.
The wight is lightly damaged.
The wight hits you but does no damage.
You slash the wight! You burn the wight.
You destroy the wight!
Things that are here:
a +0 trident; a +0 robe Menkaure, Prince of Dust comes into view.
Menkaure shouts!
Menkaure calls on the powers of darkness!
Your body is wracked with pain!
Menkaure casts a spell at you. Pain shoots through your body!
Menkaure calls on the powers of darkness!
Your body is wracked with pain!
* * * LOW HITPOINT WARNING * * *
A hound comes into view.
Menkaure closely misses you.
You hit Menkaure but do no damage. You claw Menkaure.
Menkaure is lightly damaged.
Menkaure hits you but does no damage.
You slash Menkaure! You burn Menkaure. You peck Menkaure, but do no damage.
Menkaure is severely damaged.
Menkaure hits you.
* * * LOW HITPOINT WARNING * * *
The hound barks!
You slash Menkaure! You burn Menkaure.
You destroy Menkaure!
Your life force feels restored.
The hound misses you. The hound attacks as you move away!
The hound bites you but does no damage.
A centaur comes into view.
The centaur wields a +0 shortbow.
The centaur shoots an arrow.
The arrow hits you.
* * * LOW HITPOINT WARNING * * *
The hound misses you.
You slice the hound!! You burn the hound.
You kill the hound!
The centaur shoots an arrow.
The arrow hits you.
You die...

...# ..# .# #.#
...c###.# ########
......c.# #......#
.....##.# #......#
..##.##.# #......#
........# #.######
.....##@# #.# #.##. #.#
#.# ##.##.#### #.#
#........# #.# #######
#........# #.###.(..$#
#........# #...#.8...#
#........# #...#...(.+
#........# ###.#(....+
##........#####.#..♣..+


You could see a centaur.

Vanquished Creatures
  Sigmund (D:4)
  3 yaks (D:6)
  Menkaure (D:6)
  Edmund (D:5)
  2 ogres
  2 scorpions
  4 wights (D:6)
  A howler monkey (D:6)
  3 hounds
  3 quasits (D:5)
  Crazy Yiuf (D:2)
  3 orc priests
  5 iguanas
  Jessica (D:2)
  A sleepcap (D:5)
  Ijyb (D:4)
  3 gnolls (D:6)
  3 adders
  4 shadow imps
  2 white imps (D:5)
  5 ufetubi
  A worm (D:4)
  4 dart slugs
  10 orcs
  9 endoplasms
  2 giant cockroaches (D:2)
  8 goblins
  9 hobgoblins
  6 kobolds
  6 quokkas
  6 ball pythons
  3 bats
  7 frilled lizards
  8 rats
  A spectral kobold (D:2)
130 creatures vanquished.

Notes
Turn   | Place    | Note
-------+----------+-------------------------------------------
     0 | D:1      | AccursedSamuel the Tengu Monk began the quest for the Orb.
     0 | D:1      | Reached XP level 1. HP: 14/14 MP: 2/2
    85 | D:1      | Reached XP level 2. HP: 19/19 MP: 3/3
   134 | D:1      | Identified a scroll of acquirement
   134 | D:1      | Acquired a +5 broad axe of flaming
   543 | D:1      | Reached XP level 3. HP: 23/23 MP: 4/4
   982 | D:2      | Found a faded altar of an unknown god.
   984 | D:2      | Reached skill level 4 in Axes
  1126 | D:2      | Found a runed translucent door.
  1259 | D:2      | Noticed Jessica
  1268 | D:2      | Killed Jessica
  1269 | D:2      | Reached XP level 4. HP: 23/28 MP: 5/5
  1560 | D:2      | Noticed Crazy Yiuf
  1565 | D:2      | Killed Crazy Yiuf
  1566 | D:2      | Gained mutation: Your magical nature lets you fly swiftly
                  | and evasively. [Tengu growth]
  1566 | D:2      | Reached XP level 5. HP: 31/33 MP: 6/6
  1908 | D:3      | Reached skill level 5 in Axes
  1915 | D:3      | Reached skill level 1 in Stealth
  2189 | D:3      | Found an ornate altar of the Wu Jian Council.
  2564 | D:4      | Reached XP level 6. HP: 38/38 MP: 7/7
  2630 | D:4      | Noticed Sigmund
  2631 | D:4      | Noticed Ijyb
  2640 | D:4      | Killed Sigmund
  2641 | D:4      | Reached skill level 6 in Axes
  2643 | D:4      | Killed Ijyb
  2644 | D:4      | Reached XP level 7. HP: 23/43 MP: 8/8
  2876 | D:4      | Reached skill level 7 in Axes
  2947 | D:4      | Reached skill level 5 in Dodging
  3736 | D:5      | Entered Level 5 of the Dungeon
  4031 | D:5      | Reached skill level 8 in Axes
  4042 | D:5      | Found a sacrificial altar of Ru.
  4059 | D:5      | Reached XP level 8. HP: 36/48 MP: 9/9
  4227 | D:5      | Noticed Edmund
  4234 | D:5      | Killed Edmund
  4483 | D:5      | Found a white marble altar of Elyvilon.
  5031 | D:6      | Found a runed translucent gate.
  5031 | D:6      | Found a runed translucent gate.
  5142 | D:6      | Found a runed translucent gate.
  5148 | D:6      | Noticed rddays123's ghost (novice FeSu)
  5180 | D:6      | Reached skill level 9 in Axes
  5256 | D:6      | Reached skill level 5 in Fighting
  5256 | D:6      | Reached skill level 1 in Armour
  5315 | D:6      | Noticed a yak
  5315 | D:6      | Noticed a yak
  5316 | D:6      | Noticed a yak
  5327 | D:6      | Killed a yak
  5332 | D:6      | Killed a yak
  5333 | D:6      | Reached skill level 10 in Axes
  5333 | D:6      | Reached XP level 9. HP: 26/54 MP: 10/10
  5524 | D:6      | Noticed Menkaure
  5544 | D:6      | Killed Menkaure
  5546 | D:6      | HP: 2/55 [centaur/arrow (6)]
  5550 | D:6      | Shot with an arrow by a centaur

Illustrated notes

Levels and vault maps discovered:
D:1:      minmay_arrival_pointy, layout_loops_ring, minmay_gold_behind_fungi
D:2:      layout_basic, dreamdust_ecumenical_altar_drowned_temple,
          hangedman_decor_clover_reticule, fountainhead,
          uniq_crazy_yiuf_cottage, uniq_jessica
D:3:      layout_loops_ring, general_overflow_altar, serial_bayou_pond_d
D:4:      layout_basic, nicolae_eternal_life, uniq_ijyb, uniq_sigmund
D:5:      layout_layer_cave, mainiacjoe_overflow_small_starburst,
          elyvilon_altar_1, serial_demonic, serial_demonic_e, serial_demonic_b,
          serial_demonic_e, serial_demonic_a, serial_demonic_e,
          serial_demonic_e, serial_demonic_g, serial_demonic_a,
          serial_demonic_d, serial_demonic_g, uniq_edmund
D:6:      layout_basic, nicolae_uskayaw_suspiria, ebering_ghost_rock_garden,
          minivault_22, uniq_menkaure

Skill      XL: |  1  2  3  4  5  6  7  8 |
---------------+-------------------------+-----
Axes           | 4 5 6 8 10 | 10.7
Dodging        | 4 5 |  5.8
Stealth        | 1 2 |  2.1
Fighting       | 4 5 |  5.6
Armour         | 2 |  2.8

Action                     |  1- 3 |  4- 6 |  7- 9 || total
---------------------------+-------+-------+-------++-------
  Melee: Hand axe          |    14 |       |       ||    14
         Kick              |     8 |    13 |    28 ||    49
         Broad axe         |    41 |    56 |    98 ||   195
         Peck              |     4 |     7 |    14 ||    25
    Use: Scroll            |     1 |       |       ||     1
 Armour: Robe              |    14 |    11 |    15 ||    40
         Chain mail        |       |       |    29 ||    29
  Dodge: Dodged            |    50 |    47 |    78 ||   175
